 Dungeon Crawl Stone Soup version 0.28.0-1-gb440e238dd (webtiles) character file.

Game seed: 11351584739016249188

2811 MacCMillion the Cleaver (level 9, -1/75 HPs)
             Began as a Minotaur Fighter on Feb 20, 2022.
             Was a Follower of Makhleb.
             Slain by Joseph (7 damage)
             ... on level 7 of the Dungeon.
             The game lasted 00:11:49 (6300 turns).

MacCMillion the Cleaver (Minotaur Fighter)          Turns: 6300, Time: 00:11:50

Health: -1/75      AC: 12    Str: 25    XL:     9   Next: 44%
Magic:  13/13      EV:  6    Int:  5    God:    Makhleb [*.....]
Gold:   286        SH:  4    Dex: 10    Spells: 8/8 levels left

rFire   . . .      SeeInvis .   a - +0 war axe
rCold   . . .      Faith    .   c - +0 buckler
rNeg    . . .      Spirit   .   q - +0 plate armour
rPois   .          Reflect  .   (helmet restricted)
rElec   .          Harm     .   (no cloak)
rCorr   .          Rampage  .   (no gloves)
Will    .....                   (no boots)
Stlth   ..........              (no amulet)
HPRegen 0.22/turn               (no ring)
MPRegen 0.13/turn               (no ring)

@: mighty
A: horns 2, retaliatory headbutt
a: Renounce Religion


You were on level 7 of the Dungeon.
You worshipped Makhleb.
Makhleb was aware of your devotion.
You visited 1 branch of the dungeon, and saw 7 of its levels.

You collected 312 gold pieces.
You spent 26 gold pieces at shops.

Inventory:

Hand Weapons
 a - a +0 war axe (weapon)
Missiles
 m - 2 javelins (quivered)
 w - 4 silver boomerangs
 A - 5 boomerangs
Armour
 c - a +0 buckler (worn)
 q - a +0 plate armour (worn)
Jewellery
 B - a ring of flight
Wands
 t - a wand of charming (9)
 x - a wand of iceblast (5)
 y - a wand of flame (28)
Scrolls
 b - a scroll of brand weapon
 e - 3 scrolls of blinking {unknown}
 f - a scroll of identify
 g - 3 scrolls of vulnerability {unknown}
 h - 2 scrolls of immolation {unknown}
 i - 3 scrolls of teleportation {unknown}
 l - 3 scrolls of fear {unknown}
 o - a scroll of torment
 r - a scroll of amnesia {unknown}
 u - a scroll of enchant armour {unknown}
 v - a scroll of noise {unknown}
Potions
 j - 7 potions of curing {unknown}
 k - 2 potions of haste
 n - 2 potions of flight
 p - a potion of cancellation {unknown}
 s - 2 potions of lignification
 z - a potion of mutation {unknown}


   Skills:
 + Level 6.1 Fighting
 * Level 11.0 Axes
 + Level 6.1 Armour
 - Level 4.0 Shields
 * Level 7.2 Invocations


You had 8 spell levels left.
You didn't know any spells.
Your spell library contained the following spells:

 Spells                   Type           Power      Damage    Failure   Level
 Magic Dart               Conj           0%         1d3       100%        1
 Blink                    Tloc           0%         N/A       100%        2
 Call Imp                 Summ           0%         N/A       100%        2
 Searing Ray              Conj           0%         2d4       100%        2
 Gell's Gravitas          Tloc           0%         N/A       100%        3
 Lesser Beckoning         Tloc           0%         N/A       100%        3
 Mephitic Cloud           Conj/Pois/Air  0%         N/A       100%        3
 Teleport Other           Tloc           0%         N/A       100%        3
 Fulminant Prism          Conj/Hex       0%         3d6       100%        4
 Manifold Assault         Tloc           0%         N/A       100%        5
 Storm Form               Tmut/Air       0%         N/A       100%        7


Dungeon Overview and Level Annotations

Branches:
Dungeon (7/15)
 Temple: D:4-7

Altars:
Ashenzari
Dithmenos
Gozag
Makhleb
Okawaru
Ru
Vehumet
Wu Jian
Zin
The Shining One

Shops:
D:3 (   D:6 **

Annotations:
D:2 1 runed translucent door, Crazy Yiuf
D:7 Joseph


Innate Abilities, Weirdness & Mutations

You have a pair of horns on your head.
You reflexively headbutt those who attack you in melee.


Message History

You hit the scorpion. Your headbutt misses the scorpion.
The scorpion is moderately wounded.
The scorpion stings you.
You hit the scorpion but do no damage.
You headbutt the scorpion, but do no damage.
The scorpion is moderately wounded.
You block the scorpion's attack.
The scorpion stings you but does no damage.
You slash the scorpion!
You kill the scorpion!
Makhleb accepts your kill.
Your Axes skill increases to level 11!
You see here a scorpion corpse.
Unknown command.
Joseph, a Mercenary comes into view.
He is wielding a +2 spectral quarterstaff and wearing a +2 leather armour of fire resistance.
Joseph shouts!
Joseph unwields a +2 spectral quarterstaff.
Joseph wields a +0 hunting sling.
Joseph shoots a sling bullet.
The sling bullet hits you!
Found 22 stones.
Okay, then.
You feel very mighty all of a sudden.
Joseph shoots a sling bullet.
The sling bullet hits you.
Joseph shoots a sling bullet.
The sling bullet closely misses you.
Joseph unwields a +0 hunting sling.
Joseph wields a +2 spectral quarterstaff.
Joseph hits you with a +2 spectral quarterstaff!!
* * * LOW HITPOINT WARNING * * *
You closely miss Joseph. Your headbutt misses Joseph.
Joseph hits you with a +2 spectral quarterstaff!
* * * LOW HITPOINT WARNING * * *
Okay, then.
You slash Joseph! Your headbutt misses Joseph.
Joseph is moderately wounded.
Joseph hits you with a +2 spectral quarterstaff.
* * * LOW HITPOINT WARNING * * *
You hit Joseph.
Joseph is moderately wounded.
Joseph hits you with a +2 spectral quarterstaff!
You die...

# #.# ....
...(.
#...####
#......#
.###..###.#
......# #.#
##.#...##@##
........@..#
##.#...##†.#
##.# #..#
##. #. ##..#
... . #...#
#.### #..##
#.# #...#
#.# #.#.#


You could see Joseph.

Vanquished Creatures
  Pikel (D:7)
  2 centaur zombies
  A steam dragon (D:7)
  Eustachio (D:5)
  Edmund (D:5)
  A water moccasin (D:6)
  An orc warrior (D:6)
  An ice beast (D:5)
  2 ogres
  A black bear (D:3)
  3 scorpions
  A water moccasin skeleton (D:5)
  A bullfrog zombie (D:6)
  A crimson imp (D:3)
  2 bullfrog skeletons
  A hound (D:5)
  An iguana (D:4)
  Jessica (D:2)
  Ijyb (D:5)
  Natasha (thrice) (D:2)
  An orc wizard (D:6)
  A mummy (D:4)
  3 gnolls (D:6)
  A howler monkey skeleton (D:5)
  9 adders
  A white imp (D:6)
  An ufetubus (D:6)
  2 dart slugs
  6 orcs
  12 endoplasms
  7 giant cockroaches
  5 goblins
  7 hobgoblins
  5 jackals
  6 kobolds
  6 ball pythons
  5 bats
  4 frilled lizards
  A hobgoblin zombie (D:4)
  2 kobold zombies (D:4)
  An orc zombie (D:4)
  11 rats
124 creatures vanquished.

Notes
Turn   | Place    | Note
-------+----------+-------------------------------------------
     0 | D:1      | MacCMillion the Minotaur Fighter began the quest for the
                  | Orb.
     0 | D:1      | Reached XP level 1. HP: 19/19 MP: 0/0
     1 | D:1      | Found a runed translucent door.
   202 | D:1      | Reached XP level 2. HP: 27/27 MP: 1/1
   677 | D:1      | Reached skill level 3 in Axes
   684 | D:1      | Reached XP level 3. HP: 30/33 MP: 2/2
   936 | D:2      | Noticed Jessica
   942 | D:2      | Killed Jessica
   943 | D:2      | Reached XP level 4. HP: 41/41 MP: 3/3
  1031 | D:2      | Found a runed translucent door.
  1032 | D:2      | Noticed Crazy Yiuf
  1143 | D:2      | Noticed Natasha
  1151 | D:2      | Killed Natasha
  1375 | D:2      | Found a faded altar of an unknown god.
  1440 | D:2      | Noticed Natasha
  1447 | D:2      | Killed Natasha
  1448 | D:2      | Reached skill level 4 in Axes
  1448 | D:2      | Reached XP level 5. HP: 30/47 MP: 4/4
  1580 | D:2      | Noticed Natasha
  1590 | D:2      | Killed Natasha
  1591 | D:2      | Reached skill level 5 in Fighting
  1591 | D:2      | Reached skill level 5 in Armour
  1933 | D:3      | Found Topazul's Weapon Boutique.
  1957 | D:3      | Noticed a black bear
  1971 | D:3      | Killed a black bear
  1972 | D:3      | Reached skill level 5 in Axes
  2086 | D:3      | Reached XP level 6. HP: 56/56 MP: 5/5
  2400 | D:3      | Found a burning altar of Makhleb.
  2401 | D:3      | Found a radiant altar of Vehumet.
  2411 | D:3      | Became a worshipper of Makhleb the Destroyer
  2424 | D:3      | Reached skill level 6 in Axes
  2983 | D:4      | Reached skill level 7 in Axes
  3342 | D:5      | Entered Level 5 of the Dungeon
  3368 | D:5      | Reached XP level 7. HP: 51/61 MP: 6/6
  3488 | D:5      | Noticed Ijyb
  3494 | D:5      | Reached skill level 8 in Axes
  3504 | D:5      | Reached * piety under Makhleb
  3510 | D:5      | Killed Ijyb
  3609 | D:5      | Found an iron altar of Okawaru.
  3611 | D:5      | Found a glowing silver altar of Zin.
  3611 | D:5      | Noticed Edmund
  3645 | D:5      | Killed Edmund
  3646 | D:5      | Reached skill level 1 in Invocations
  3800 | D:5      | Found a sacrificial altar of Ru.
  3816 | D:5      | Reached skill level 9 in Axes
  3816 | D:5      | Reached XP level 8. HP: 40/68 MP: 7/10
  3948 | D:5      | Found an opulent altar of Gozag.
  3951 | D:5      | Found an ornate altar of the Wu Jian Council.
  3966 | D:5      | Noticed Eustachio
  4106 | D:5      | Killed Eustachio
  4295 | D:5      | Reached skill level 5 in Invocations
  4308 | D:5      | Found a shadowy altar of Dithmenos.
  4726 | D:6      | Found Cerosu's Specific Store.
  4729 | D:6      | Found Lanuehett's General Store.
  4738 | D:6      | Bought a scroll of identify for 26 gold pieces
  4769 | D:6      | Reached skill level 10 in Axes
  5080 | D:6      | Reached XP level 9. HP: 37/74 MP: 12/12
  5872 | D:6      | Found a glowing golden altar of the Shining One.
  6075 | D:7      | Noticed Pikel
  6095 | D:7      | Killed Pikel
  6124 | D:7      | Found a broken altar of Ashenzari.
  6164 | D:7      | Noticed a queen bee
  6286 | D:7      | Reached skill level 11 in Axes
  6288 | D:7      | Noticed Joseph
  6300 | D:7      | Slain by Joseph

Illustrated notes

Levels and vault maps discovered:
D:1:      dpeg_arrival_caged_fury, layout_basic, hangedman_abyss_or_decor_stabs,
          minmay_fountain_box
D:2:      layout_rooms, dreamdust_ecumenical_altar_hidden_monk_grotto,
          uniq_natasha, uniq_jessica, uniq_crazy_yiuf_cottage
D:3:      minmay_wonky_spiral, layout_basic,
          grunt_temple_overflow_lords_of_destruction, serial_shops,
          nicolae_shop_bloodbath_and_beyond
D:4:      layout_basic, minmay_mini_ossuary
D:5:      layout_rooms, nicolae_overflow_hidden_temple,
          grunt_temple_overflow_open, uniq_eustachio, uniq_ijyb, uniq_edmund
D:6:      minmay_spotlight, layout_loops_ring, nicolae_tso_swordbearing_angel,
          nicolae_specific_store, wad_floor_pattern_untrapped,
          minmay_strange_pillars
D:7:      minmay_opposing_rooms, layout_loops_ring, cheibrodos_ashenzari_chains,
          minmay_temple_entry_poolview, enter_bailey_8, gammafunk_ghost_hive,
          uniq_pikel, uniq_prince_ribbit1, uniq_joseph

Skill      XL: |  1  2  3  4  5  6  7  8  9 |
---------------+----------------------------+-----
Armour         | 4 5 6 |  6.1
Shields        | 4 |  4.0
Fighting       | 4 5 6 |  6.1
Axes           | 3 4 5 7 9 10 11 | 11.0
Invocations    | 4 6 7 |  7.2

Action                   |  1- 3 |  4- 6 |  7- 9 || total
-------------------------+-------+-------+-------++-------
Melee: War axe           |    75 |   133 |   156 ||   364
       Headbutt          |    16 |    17 |    33 ||    66
Throw: Javelin           |       |       |     3 ||     3
  Use: Scroll            |       |       |     6 ||     6
       Potion            |       |       |     2 ||     2
Armor: Scale mail        |    32 |    38 |       ||    70
       Plate armour      |       |    35 |    86 ||   121
Dodge: Dodged            |    42 |    57 |    49 ||   148
Block: Buckler           |     8 |    26 |    26 ||    60
